 Dungeon Crawl Stone Soup version 0.27-a0-1557-g57f10a385c (webtiles) character file.

Game seed: 2078210995119302538

222 nyamberluvr69 the Skirmisher (level 6, -19/51 HPs)
             Began as a Human Fighter on July 16, 2021.
             Killed from afar by a steam dragon (24 damage)
             ... with a ball of steam
             ... on level 4 of the Dungeon.
             The game lasted 00:04:23 (3209 turns).

nyamberluvr69 the Skirmisher (Human Fighter)        Turns: 3209, Time: 00:04:25

Health: -19/51     AC:  7    Str: 18    XL:     6   Next: 19%
Magic:  6/6        EV:  7    Int:  8    God:
Gold:   72         SH:  9    Dex: 13    Spells: 5/5 levels left

rFire    . . .     SeeInvis .   a - +0 long sword
rCold    . . .     Faith    .   c - +0 kite shield
rNeg     . . .     Spirit   .   b - +0 scale mail
rPois    .         Reflect  .   q - +0 hat
rElec    .         Harm     .   e - +0 cloak
rCorr    .         Rampage  .   (no gloves)
Will     .....                  (no boots)
Stlth    ..........             (no amulet)
HPRegen  0.17/turn              (no ring)
MPRegen  0.10/turn              (no ring)

@: no status effects
A: no striking features
a: no special abilities


You were on level 4 of the Dungeon.
You visited 1 branch of the dungeon, and saw 4 of its levels.

You collected 72 gold pieces.

Inventory:

Hand Weapons
 a - a +0 long sword (weapon)
 n - a +2 quarterstaff of chaos
Armour
 b - a +0 scale mail (worn)
 c - a +0 kite shield (worn)
 e - a +0 cloak (worn)
 q - a +0 hat (worn)
Jewellery
 f - a ring of ice
 k - a ring of poison resistance
Wands
 d - a wand of flame (32)
Scrolls
 g - a scroll of enchant armour {unknown}
 i - 2 scrolls of teleportation {unknown}
 p - a scroll of holy word {unknown}
 s - a scroll of amnesia {unknown}
 t - a scroll of torment {unknown}
Potions
 h - a potion of degeneration {unknown}
 j - 3 potions of haste {unknown}
 m - a potion of flight {unknown}
 o - a potion of curing {unknown}
 r - a potion of resistance {unknown}


   Skills:
 + Level 5.0 Fighting
 + Level 4.4 Long Blades
 - Level 3.0 Armour
 - Level 3.0 Shields


You had 5 spell levels left.
You didn't know any spells.
Your spell library contained the following spells:

 Spells                   Type           Power      Damage    Failure   Level
 Slow                     Hex            0%         N/A       100%        2
 Confusing Touch          Hex            0%         N/A       100%        3
 Yara's Violent Unravell  Hex/Tmut       0%         3d3       100%        5


Dungeon Overview and Level Annotations

Branches:
Dungeon (4/15)
 Temple: D:4-7

Altars:
Makhleb

Shops:
D:3 *


Message History

Press: ? - help, Shift-Dir - straight line, f/p - steam dragon
Aim: a steam dragon (catching its breath, chance to affect: 46%)
The steam dragon resists with some effort.
The steam dragon bites you but does no damage.
The steam dragon claws you but does no damage.
Aiming: Paralyse
Press: ? - help, Shift-Dir - straight line, f/p - steam dragon
Aim: a steam dragon (catching its breath, chance to affect: 46%)
The steam dragon resists with some effort.
You block the steam dragon's attack.
The steam dragon claws you but does no damage.
Aiming: Paralyse
Press: ? - help, Shift-Dir - straight line, f/p - steam dragon
Aim: a steam dragon (catching its breath, chance to affect: 46%)
The steam dragon resists with some effort.
The now-empty wand crumbles to dust.
You block the steam dragon's attack.
The steam dragon claws you but does no damage.
The adder is engulfed in a cloud of scalding steam.
Your shield prevents you from hitting the steam dragon.
The steam dragon bites you but does no damage.
The steam dragon claws you but does no damage.
The steam dragon bites you but does no damage.
The steam dragon claws you but does no damage.
You hit the steam dragon.
The steam dragon is lightly wounded.
The steam dragon barely misses you. The steam dragon claws you.
You hit the steam dragon but do no damage.
The steam dragon is lightly wounded.
The steam dragon breathes steam at you. The ball of steam hits you!
* * * LOW HITPOINT WARNING * * *
You block the steam dragon's attack. The steam dragon claws you.
* * * LOW HITPOINT WARNING * * *
You hit the steam dragon but do no damage.
The steam dragon is lightly wounded.
You are engulfed in a cloud of scalding steam.
* * * LOW HITPOINT WARNING * * *
The steam dragon breathes steam at you. The ball of steam hits you!!
You die...

##. .#.
#.#.#.#.#....... ..
#.#...........##.#..##
#...#.#.#.#...##)....#
#.............##$#...#
....#.#.#.#.#.##..§..#
###.........#.##.§...#
#.#.#†#.#.#.##@§.# #
#.!....†...lSD§§.#
####.........####...#
...+........§+ ......
####.........# ...###
# ##...)...## .....
### ##.....## .....#
..# ##...## ##...# #.#
##'##


You could see a steam dragon (catching breath), an iguana and an adder.

Vanquished Creatures
  A sky beast (D:3)
  Crazy Yiuf (D:2)
  4 adders
  A dart slug (D:1)
  2 orcs (D:3)
  6 ball pythons
  An endoplasm (D:1)
  3 giant cockroaches (D:1)
  7 hobgoblins
  7 jackals
  4 kobolds
  A quokka (D:1)
  3 bats
  2 frilled lizards
  7 goblins
  5 rats
55 creatures vanquished.

Vanquished Creatures (others)
  2 jackals (D:4)
  A fungus (D:2)
3 creatures vanquished.

Grand Total: 58 creatures vanquished

Notes
Turn   | Place    | Note
-------+----------+-------------------------------------------
     0 | D:1      | nyamberluvr69 the Human Fighter began the quest for the
                  | Orb.
     0 | D:1      | Reached XP level 1. HP: 18/18 MP: 1/1
   133 | D:1      | Found a faded altar of an unknown god.
   163 | D:1      | Reached XP level 2. HP: 17/24 MP: 2/2
   573 | D:1      | Reached XP level 3. HP: 29/29 MP: 3/3
  1256 | D:2      | Reached XP level 4. HP: 37/37 MP: 4/4
  1582 | D:2      | Reached skill level 4 in Fighting
  1686 | D:2      | Found a runed translucent door.
  1687 | D:2      | Noticed Crazy Yiuf
  1694 | D:2      | Killed Crazy Yiuf
  2011 | D:3      | Noticed a sky beast
  2321 | D:3      | Killed a sky beast
  2322 | D:3      | Reached XP level 5. HP: 43/43 MP: 5/5
  2322 | D:3      | Reached XP level 6. HP: 50/50 MP: 6/6
  2854 | D:3      | Reached skill level 5 in Fighting
  2856 | D:3      | Found a burning altar of Makhleb.
  2944 | D:3      | Found Jafomnab's Assorted Antiques.
  3188 | D:4      | Noticed a steam dragon
  3209 | D:4      | Killed from afar by a steam dragon

Illustrated notes

Levels and vault maps discovered:
D:1:      onia_arrival_pyramid, layout_loops_cross, ebering_ecumenical_altar_box
D:2:      layout_rooms, uniq_crazy_yiuf_cottage
D:3:      layout_basic, lightli_temple_of_fire, serial_shops,
          nicolae_shop_overgrown_old_shop
D:4:      layout_loops_corners, fedhas_altar_fruit_tree, serial_glass,
          glass_columns_a, glass_columns_c

Skill      XL: |  1  2  3  4  5  6 |
---------------+-------------------+-----
Long Blades    | 3 4 |  4.4
Fighting       | 4 5 |  5.0
Armour         | |  3.0
Shields        | |  3.0

Action                   |  1- 3 |  4- 6 || total
-------------------------+-------+-------++-------
Melee: Long sword        |   104 |    81 ||   185
Evoke: Wand              |       |     7 ||     7
  Use: Potion            |       |     1 ||     1
 Stab: Paralysed         |       |     7 ||     7
Armor: Scale mail        |    53 |    43 ||    96
Dodge: Dodged            |    27 |    18 ||    45
Block: Kite shield       |    75 |    39 ||   114
       Rpst.: Long sword |     5 |     7 ||    12

Table legend: (Time is in decaauts)
 A = Elapsed time spent in this place.
 B = Non-inter-level travel time spent in this place.
 C = Inter-level travel time spent in this place.
 D = Time resting spent in this place.
 E = Time spent auto-exploring this place.
 F = Levels seen in this place.
 G = Mean time per level.
                   A        B        C        D        E       F      G
               +--------+--------+--------+--------+--------+-----+--------+
         Total |   3298 |   3193 |    105 |    383 |   2301 |   4 |  824.5 |
       Dungeon |   3298 |   3193 |    105 |    383 |   2301 |   4 |  824.5 |
               +--------+--------+--------+--------+--------+-----+--------+

Top non-repeatable levels by time:
     D:2: 1279 daAuts
     D:1: 993 daAuts
     D:3: 950 daAuts
     D:4: 74 daAuts
